 Dungeon Crawl Stone Soup version 0.30.1-4-g462c640d31 (webtiles) character file.

Game seed: 10278547850387609390

72 monsoonserge the Slasher (level 4, 0/35 HPs)
             Began as a Demonspawn Monk on Sept 2, 2023.
             Slain by a worm (5 damage)
             ... on level 2 of the Dungeon.
             The game lasted 00:02:25 (1143 turns).

monsoonserge the Slasher (Demonspawn Monk)          Turns: 1143, Time: 00:02:25

Health: 0/35       AC:  4    Str: 12    XL:     4   Next: 6%
Magic:  4/4        EV: 12    Int: 11    God:
Gold:   88         SH:  0    Dex: 17    Spells: 3/3 levels left

rFire   . . .        a - +0 falchion
rCold   . . .        d - orb {light}
rNeg    . . .        f - +0 leather armour
rPois   .            (no helmet)
rElec   .            (no cloak)
rCorr   .            n - +0 pair of gloves
SInv    .            (no boots)
Will    .....        (no amulet)
Stlth   +            (no ring)
HPRegen 0.25/turn    (no ring)
MPRegen 0.09/turn

%: no passive effects
@: glowing
A: foul stench 1
a: no special abilities


You were on level 2 of the Dungeon.
You visited 1 branch of the dungeon, and saw 2 of its levels.

You collected 88 gold pieces.

Inventory:

Hand Weapons
 a - a +0 falchion (weapon)
 k - a +0 sling
Missiles
 p - a throwing net (quivered)
Armour
 d - an orb of light (worn)
 f - a +0 leather armour (worn)
 g - a +0 chain mail
 l - an orb of wrath
 n - a +0 pair of gloves (worn)
Jewellery
 e - a ring of ice
Scrolls
 b - a scroll of brand weapon {unknown}
 h - a scroll of poison {unknown}
 i - 2 scrolls of identify {unknown}
 j - a scroll of silence {unknown}
Potions
 c - a potion of ambrosia
 m - a potion of mutation {unknown}
 o - a potion of heal wounds {unknown}


   Skills:
 + Level 3.3 Fighting
 + Level 3.7 Long Blades
 + Level 1.1 Armour
 + Level 3.0 Dodging


You had 3 spell levels left.
You didn't know any spells.
Your spell library contained the following spells:

 Spells                   Type           Power      Damage    Failure   Level
 Dazzling Flash           Conj/Hex       0%         N/A       80%         3
 Petrify                  Tmut/Erth      0%         N/A       99%         4
 Agony                    Necr           0%         N/A       100%        5
 Metabolic Englaciation   Hex/Ice        0%         N/A       100%        5
 Silence                  Hex/Air        0%         N/A       100%        5
 Statue Form              Tmut/Erth      0%         N/A       100%        6


Dungeon Overview and Level Annotations

Branches:
Dungeon (2/15)

Altars:


Innate Abilities, Weirdness & Mutations

You may rarely emit foul miasma when damaged in melee.


Message History

The kobold hits you but does no damage. The kobold attacks as you move away!
The kobold barely misses you.
You slash the kobold!
You kill the kobold!
You hit the ball python but do no damage.
The ball python barely misses you. The ball python grabs you.
The ball python constricts you. The ball python barely misses you.
The ball python constricts you.
You hit the ball python.
The ball python is moderately wounded.
The ball python completely misses you. The ball python constricts you.
You hit the ball python.
You kill the ball python!
You barely miss the gnoll. The gnoll hits you with a +0 flail!
You hit the gnoll but do no damage. The gnoll closely misses you.
The gnoll misses you.
You hit the gnoll.
The gnoll is heavily wounded.
The gnoll barely misses you. The gnoll closely misses you.
You slash the gnoll!
You kill the gnoll!
The gnoll hits you from afar with a +0 halberd.
The goblin shoots a sling bullet.
The sling bullet hits you. The gnoll closely misses you.
You have reached level 4!
You feel stronger.
The goblin shoots a sling bullet.
The sling bullet closely misses you. The gnoll hits you with a +0 halberd.
* * * LOW HITPOINT WARNING * * *
You hit the gnoll but do no damage. The gnoll barely misses you.
The gnoll attacks as you move away! The gnoll barely misses you.
The gnoll misses you.
The goblin shoots a sling bullet.
The sling bullet barely misses you.
The goblin shoots a sling bullet.
The sling bullet hits you but does no damage.
The worm bites you!
* * * LOW HITPOINT WARNING * * *
There is a stone staircase leading up here.
The worm bites you.
You die...

...........####.#.# ###.#<....#
.#######.#.# #.#.###....)#.###
#.##....## #.#.#.......#.#
#........# #.#.##..#.###.#
#.#......###[......#.###.#
..............#.##..#.#...#
#########..##.##.#.....).#######
.........w>...............
#..###..#.#@.g..#........... #..
.....#.####..g.#......... #.
......... ........#g###### #
.##.###.......#####.# ..
......... #)###### .. ........##
#g..g..# #####...# #.####.#
....# ..# .#.#


You could see a worm, a gnoll and a goblin.

Vanquished Creatures
  An adder (D:2)
  3 gnolls (D:2)
  6 ball pythons
  An endoplasm (D:1)
  2 giant cockroaches (D:1)
  2 goblins (D:1)
  3 hobgoblins
  4 kobolds
  3 quokkas
  5 bats (D:1)
  2 frilled lizards (D:1)
  3 rats (D:1)
35 creatures vanquished.

Notes
Turn   | Place    | Note
-------+----------+-------------------------------------------
     0 | D:1      | monsoonserge the Demonspawn Monk began the quest for the
                  | Orb.
     0 | D:1      | Reached XP level 1. HP: 18/18 MP: 1/1
   261 | D:1      | Gained mutation: You may rarely emit foul miasma when
                  | damaged in melee. [demonic ancestry]
   261 | D:1      | Reached XP level 2. HP: 23/24 MP: 2/2
   806 | D:2      | Reached XP level 3. HP: 25/29 MP: 3/3
  1013 | D:2      | Reached skill level 1 in Armour
  1129 | D:2      | Reached XP level 4. HP: 12/35 MP: 4/4
  1143 | D:2      | Slain by a worm

Illustrated notes

Levels and vault maps discovered:
D:1:      minmay_arrival_checkered_box, layout_loops_cross
D:2:      layout_basic

Skill      XL: |  1  2  3 |
---------------+----------+-----
Long Blades    | 3 |  3.7
Dodging        | 3 |  3.0
Armour         | 1 |  1.1
Fighting       | |  3.3

Action                     |  1- 3 |  4- 6 || total
---------------------------+-------+-------++-------
  Melee: Falchion          |    94 |     1 ||    95
   Stab: Distracted        |     1 |       ||     1
 Armour: Leather armour    |    29 |     1 ||    30
  Dodge: Dodged            |    78 |     5 ||    83
